Map: Orbital Shipyard

Players

Sphery

  • Race: Terran Terran
  • League: Silver

lesha - Winner!

  • Race: Terran Terran
  • League: Silver

VOD

Have the link to the VOD?

Description

Time

  • Played on: Jan. 1, 2016, 9:56 a.m.
  • Length: 18:38
Show
View Real Time Build Order
Export as new Build Order

Sphery Terran 

Build Orders:  

Get SALT Encoding   

  12  0:03  SCV  
  13  0:15  SCV  
  13  0:18  Supply Depot  
  14  0:31  SCV  
  15  0:41  Barracks  
  15  0:43  SCV  
  16  0:54  Barracks  
  16  0:55  SCV  
  17  1:06  Refinery  
  17  1:08  Refinery  
  17  1:11  SCV  
  18  1:23  SCV  
  19  1:34  Barracks  
  19  1:35  SCV  
  20  1:45  Reaper  
  21  1:47  SCV  
  22  1:57  Supply Depot, Refinery  
  22  2:03  Reaper  
  23  2:16  Supply Depot  
  23  2:19  Reaper  
  23  2:22  Reaper  
  25  2:28  SCV  
  26  2:35  Reaper  
  27  2:51  Reaper  
  27  2:57  Reaper  
  28  3:12  Reaper  
  29  3:23  Reaper  
  29  3:24  Orbital Command  
  30  3:29  Reaper  
  31  3:44  Reaper  
  32  3:55  Reaper  
  32  4:18  Reaper x2  
  34  4:27  Reaper  
  35  4:39  Bunker  
  35  4:50  Reaper x2  
  35  4:59  Reaper  
  36  5:11  Bunker  
  36  5:22  Reaper x2  
  38  5:31  Marine  
  38  5:42  Bunker  
  38  5:49  Marine  
  39  5:56  Command Center  
  39  6:05  Factory  
  39  6:20  Marine x2  
  39  6:30  Factory  
  39  6:33  Engineering Bay  
  39  6:50  Barracks Reactor  
  39  6:51  Supply Depot  
  39  6:52  Barracks Reactor  
  39  6:57  Factory Tech Lab  
  39  7:02  Terran Infantry Weapons Level 1, Missile Turret  
  39  7:07  Marine  
  40  7:09  Sensor Tower  
  40  7:13  Supply Depot  
  40  7:15  Factory Tech Lab  
  40  7:32  Siege Tank  
  43  7:37  Supply Depot  
  43  7:47  Siege Tank  
  46  7:59  Orbital Command  
  42  8:37  Siege Tank  
  42  8:38  Siege Tank  
  42  8:40  Marine x2  
  42  8:41  Marine x2  
Show
View Real Time Build Order
Export as new Build Order

lesha Terran - Winner!

Build Orders: Reaper Expand 

Get SALT Encoding   

  12  0:01  SCV  
  13  0:13  SCV  
  14  0:18  Supply Depot  
  14  0:28  SCV  
  15  0:40  SCV, Barracks  
  16  0:49  Refinery  
  16  0:52  SCV  
  17  1:04  SCV  
  19  1:20  SCV  
  19  1:32  Reaper  
  20  1:34  Orbital Command  
  20  1:40  Command Center  
  20  1:53  Supply Depot  
  20  1:59  Barracks  
  20  2:03  SCV  
  20  2:06  Barracks Reactor  
  21  2:24  SCV  
  22  2:36  SCV  
  22  2:44  Marine x2  
  22  2:47  Barracks Reactor  
  24  2:53  Factory  
  24  2:57  Refinery  
  24  3:00  Barracks  
  24  3:02  SCV  
  25  3:12  Marine x2  
  26  3:15  SCV  
  28  3:22  Barracks  
  28  3:24  Marine x2  
  31  3:27  SCV  
  31  3:29  Supply Depot  
  31  3:33  Marine x2  
  33  3:35  Engineering Bay  
  32  3:43  Hellion  
  32  3:48  Marine x2  
  36  3:51  SCV x2, Marine  
  39  3:58  Marine  
  39  4:05  Marine  
  39  4:06  Marine  
  41  4:12  Marine  
  42  4:17  Barracks Tech Lab  
  41  4:24  Starport  
  39  4:37  Marine x4  
  43  4:40  Marauder  
  45  4:55  Marine x3  
  45  4:56  Marine  
  49  5:00  Marine  
  49  5:03  Stimpack  
  49  5:06  Starport Reactor  
  51  5:07  SCV  
  51  5:12  Orbital Command  
  51  5:24  Supply Depot  
  50  5:46  Marine x4  
  54  5:50  Barracks Reactor  
  54  5:56  Marine  
  56  5:57  SCV  
  56  6:05  Supply Depot x2  
  56  6:08  Supply Depot  
  56  6:09  SCV  
  57  6:24  Marine x5  
  61  6:37  Factory Tech Lab  
  58  6:41  Marine  
  58  6:42  Terran Infantry Weapons Level 1, Marine  
  58  6:46  Marine  
  61  6:47  Barracks  
  61  6:55  Marine  
  61  6:56  Marine x3  
  61  6:57  Medivac  
  61  7:01  SCV x2, Refinery  
  69  7:03  Refinery  
  69  7:08  Medivac  
  71  7:13  SCV x2, Engineering Bay  
  73  7:17  Marine x6  
  73  7:18  Supply Depot, Marine  
  73  7:19  Supply Depot  
  80  7:29  SCV x2  
  82  7:41  SCV x2  
  84  7:45  Supply Depot  
  84  7:47  Supply Depot  
  84  7:53  SCV x2  
  84  7:58  Siege Tank  
  89  7:59  Marine x4  
  89  8:05  SCV x2  
  94  8:07  Marine  
  94  8:08  Marine x2  
  98  8:16  Marine  
  98  8:17  SCV x2  
  94  8:29  SCV  
  88  8:44  Marine  
  88  8:45  Marine x6  
  95  9:02  Marine x2  
  85  9:03  Marine  
Tags
 
Add a new tag
Caveats
  • Supply blocks, unpowered buildings, or Contaminate may cause inaccurate times.
  • Supply counts are checked every 10 seconds.